 Dungeon Crawl Stone Soup version 0.26-a0-606-g3c8f2f65f7 (webtiles) character file.

Game seed: 13257616903646588845

1437 MrRokkomies the Destroyer (level 8, -10/48 HPs)
             Began as a Tengu Conjurer on Sept 2, 2020.
             Was a Believer of Makhleb.
             Shot with a bolt by an orc warrior (28 damage)
             ... in a bailey.
             The game lasted 00:12:38 (7437 turns).

MrRokkomies the Destroyer (Tengu Conjurer)          Turns: 7437, Time: 00:12:39

Health: -10/48     AC:  3    Str:  7    XL:     8   Next: 74%
Magic:  7/15       EV: 18    Int: 28    God:    Makhleb [**....]
Gold:   176        SH:  0    Dex: 12    Spells: 5/15 levels left

rFire    + . .     SeeInvis .   a - +2 dagger (venom)
rCold    . . .     Faith    .   (no shield)
rNeg     . . .     Spirit   .   l - +0 robe
rPois    .         Reflect  .   (helmet restricted)
rElec    .         Harm     .   t - +0 cloak
rCorr    +                      (no gloves)
MR       .....                  (boots unavailable)
Stlth    ++........             (no amulet)
HPRegen  0.16/turn              r - ring of resist corrosion
MPRegen  0.14/turn              u - ring "Luruebb" {+Blink rF+ Int+6}

@: flying quickly and evasively, quick
A: beak, talons 3, able to fly
a: Stop Flying, Minor Destruction, Renounce Religion, Evoke Blink


You were in a bailey.
You worshipped Makhleb.
Makhleb was pleased with you.
You visited 1 branch of the dungeon, and saw 7 of its levels.
You also visited: Bailey.

You collected 251 gold pieces.
You spent 75 gold pieces at shops.

Inventory:

Hand Weapons
 a - a +2 dagger of venom (weapon)
 b - a +1 hunting sling of freezing
 w - a +0 antimagic dagger
Missiles
 c - 2 curare-tipped darts
 f - 103 stones
 g - 35 sling bullets
 m - 32 poisoned darts (quivered)
Armour
 l - a +0 robe (worn)
 t - a +0 cloak (worn)
Jewellery
 r - a ring of resist corrosion (left hand)
 u - the ring "Luruebb" (right hand) {+Blink rF+ Int+6}
   (You found it on level 5 of the Dungeon)

   [ring of intelligence]

   It affects your intelligence (+6).
   It protects you from fire.
   It lets you blink.
Wands
 o - a wand of flame (27)
 s - a wand of digging (5)
Scrolls
 e - a scroll of amnesia
 i - a scroll of remove curse
 q - a scroll of blinking
Potions
 d - a potion of brilliance
 h - 2 potions of mutation
 j - 2 potions of haste
 k - 2 potions of cancellation
 n - a potion of ambrosia
 p - a potion of lignification
 v - a potion of heal wounds
 x - 2 potions of invisibility


   Skills:
 + Level 3.9 Fighting
 * Level 7.0 Dodging
 - Level 2.0 Stealth
 + Level 4.3 Spellcasting
 * Level 9.6 Conjurations


You had 5 spell levels left.
You knew the following spells:

 Your Spells              Type           Power        Failure   Level
a - Magic Dart            Conj           ####         1%          1
b - Searing Ray           Conj           ######       1%          2
c - Dazzling Flash        Conj/Hex       ####..       3%          3
d - Iskenderun's Mystic   Conj/Tloc      ####....     10%         4

Your spell library contained the following spells:

 Spells                   Type           Power        Failure   Level
 Fulminant Prism          Conj/Hex       ####......   10%         4


Dungeon Overview and Level Annotations

Branches:
Dungeon (7/15)             Temple (0/1) D:5          Bailey (1/1)

Altars:
Cheibriados
Dithmenos
Gozag
Kikubaaqudgha
Makhleb
Nemelex Xobeh
Vehumet
The Shining One

Shops:
D:7 ?


Innate Abilities, Weirdness & Mutations

You have a beak for a mouth.
You have claws for feet.
You can fly continuously.


Message History

Press: ? - help, Shift-Dir - straight line, f/p - orc warrior
Aim: an orc warrior, wielding a +0 arbalest, wearing a +0 ring mail and quivering 9 bolts (severely wounded)
The magic dart hits the orc warrior but does no damage.
The orc warrior is severely wounded.
The orc warrior shoots a bolt.
The bolt hits you!
Throwing (i - inventory. (/) - cycle)
m - 34 poisoned darts (quivered)
Press: ? - help, Shift-Dir - straight line, f/p - orc warrior
Aim: an orc warrior, wielding a +0 arbalest, wearing a +0 ring mail and quivering 8 bolts (severely wounded)
You throw a poisoned dart.
The poisoned dart closely misses the orc warrior.
Unknown command.
Throwing (i - inventory. (/) - cycle)
m - 33 poisoned darts (quivered)
Press: ? - help, Shift-Dir - straight line, f/p - orc warrior
Aim: an orc warrior, wielding a +0 arbalest, wearing a +0 ring mail and quivering 8 bolts (severely wounded)
You throw a poisoned dart. The poisoned dart hits the orc warrior.
The orc warrior is poisoned.
The orc warrior is severely wounded.
The orc warrior shoots a bolt.
The bolt hits you!!
Ouch! That really hurt!
You die...

###########
#\.........
#.\@.......
#..........
#..........
#..........
#..........
#.......≈≈≈
#......≈≈#o
#......≈##


You could see an orc warrior (poisoned).

Vanquished Creatures
  A troll (D:5)
  Duvessa (D:5)
  2 centaurs
  A big kobold (D:7)
  Dowan (D:5)
  A howler monkey (D:5)
  2 bullfrog zombies
  2 hounds
  An orc priest (D:4)
  Crazy Yiuf (D:5)
  A jelly (D:6)
  A bullfrog skeleton (D:3)
  2 orc wizards (D:4)
  2 centaur skeletons (D:4)
  Jessica (D:2)
  2 iguanas
  3 worker ants
  Robin (D:3)
  A howler monkey skeleton (D:5)
  3 gnolls (D:4)
  9 adders
  2 shadow imps (D:6)
  4 ufetubi
  An adder skeleton (D:5)
  An adder zombie (D:5)
  5 worms
  4 dart slugs
  6 leopard geckos
  6 orcs
  3 ball pythons
  12 bats
  4 giant cockroaches
  19 goblins
  4 hobgoblins
  5 jackals
  8 kobolds
  6 quokkas
  3 frilled lizards
  8 rats
140 creatures vanquished.

Vanquished Creatures (others)
  A fungus (D:5)
  A plant (D:4)
2 creatures vanquished.

Grand Total: 142 creatures vanquished

Notes
Turn   | Place    | Note
-------+----------+-------------------------------------------
     0 | D:1      | MrRokkomies the Tengu Conjurer began the quest for the Orb.
     0 | D:1      | Reached XP level 1. HP: 10/10 MP: 4/4
   273 | D:1      | Reached XP level 2. HP: 16/16 MP: 0/6
   820 | D:1      | Learned a level 2 spell: Searing Ray
   849 | D:2      | Noticed a centaur
   855 | D:2      | Killed a centaur
   855 | D:2      | Reached skill level 1 in Fighting
   855 | D:2      | Reached skill level 6 in Conjurations
   855 | D:2      | Reached XP level 3. HP: 10/20 MP: 7/7
   855 | D:2      | Reached XP level 4. HP: 13/25 MP: 8/8
  1242 | D:2      | Gained mutation: You can fly continuously. [Tengu growth]
  1242 | D:2      | Reached XP level 5. HP: 26/29 MP: 3/9
  1461 | D:2      | Found a burning altar of Makhleb.
  1486 | D:2      | Became a worshipper of Makhleb the Destroyer
  1542 | D:2      | Found a radiant altar of Vehumet.
  1657 | D:2      | Noticed Jessica
  1660 | D:2      | Killed Jessica
  2492 | D:3      | Reached skill level 7 in Conjurations
  2492 | D:3      | Reached XP level 6. HP: 17/35 MP: 3/11
  2766 | D:3      | Found a snail-covered altar of Cheibriados.
  2845 | D:3      | Noticed Robin
  2882 | D:2      | Learned a level 3 spell: Dazzling Flash
  2887 | D:2      | Learned a level 4 spell: Iskenderun's Mystic Blast
  3132 | D:3      | Reached * piety under Makhleb
  3137 | D:3      | Killed Robin
  3968 | D:4      | Reached skill level 5 in Dodging
  3968 | D:4      | Reached XP level 7. HP: 38/40 MP: 3/12
  4631 | D:4      | Reached ** piety under Makhleb
  5023 | D:5      | Entered Level 5 of the Dungeon
  5033 | D:5      | Reached skill level 8 in Conjurations
  5126 | D:5      | Found an ancient bone altar of Kikubaaqudgha.
  5212 | D:5      | Got a slimy brass ring
  5221 | D:5      | Identified the ring "Luruebb" {+Blink rF+ Int+6} (You found
                  | it on level 5 of the Dungeon)
  5293 | D:5      | Found a staircase to the Ecumenical Temple.
  5489 | D:5      | Noticed Duvessa
  5492 | D:5      | Noticed a troll
  5494 | D:5      | Noticed Dowan
  5841 | D:5      | Found a sparkling altar of Nemelex Xobeh.
  5848 | D:5      | Killed Dowan
  5852 | D:5      | Killed Duvessa
  5852 | D:5      | Reached XP level 8. HP: 19/46 MP: 7/14
  6097 | D:5      | Found a runed translucent door.
  6098 | D:5      | Noticed Crazy Yiuf
  6108 | D:5      | Killed Crazy Yiuf
  6233 | D:5      | Found a glowing golden altar of the Shining One.
  6290 | D:5      | Killed a troll
  6290 | D:5      | Reached skill level 9 in Conjurations
  6527 | D:5      | Found a shadowy altar of Dithmenos.
  7041 | D:6      | Found an opulent altar of Gozag.
  7248 | D:7      | Found Ijof's Magic Scroll Shoppe.
  7253 | D:7      | Bought a scroll of blinking for 75 gold pieces
  7316 | D:7      | Found a flagged portal.
  7333 | Bailey   | Entered a bailey
  7437 | Bailey   | Shot with a bolt by an orc warrior

Illustrated notes

Levels and vault maps discovered:
D:1:      wander_arrival_peaceful_grave, layout_basic, minmay_misc_feat_encased
D:2:      layout_basic, overflow_temple_1_default, lemuel_round_altar,
          uniq_jessica
D:3:      layout_rooms, kennysheep_slug_shrine, minmay_misc_feat_nine_boxes,
          kennysheep_generic_room_2, uniq_robin
D:4:      layout_basic, serial_bayou_pond_b, nicolae_zen_rock_garden,
          minmay_misc_feat_five
D:5:      layout_loops_ring, nicolae_dithmenos_through_a_glass_darkly,
          nicolae_tso_swordbearing_angel, nemelex_xobeh_ov_fountains_minmay,
          kiku_gazebo_pond_becter, minmay_temple_entry_nine_rooms,
          corexii_corridor_pit, uniq_duvessa, uniq_crazy_yiuf_cottage
D:6:      layout_cave_pools, basic_altar, kennysheep_big_empty_room
D:7:      layout_cave_pools, grunt_temple_overflow_gold_and_silver,
          enter_bailey_3, serial_shops, shop, minmay_three_doors
Bailey:   bailey_polearm_2, bailey

Skill      XL: |  1  2  3  4  5  6  7  8 |
---------------+-------------------------+-----
Fighting       | 1 2 3 |  3.9
Dodging        | 3 4 5 6 7 |  7.0
Conjurations   | 6 7 8 9 |  9.6
Spellcasting   | 3 4 |  4.3
Stealth        | |  2.0

Action                   |  1- 3 |  4- 6 |  7- 9 || total
-------------------------+-------+-------+-------++-------
Melee: Spear             |     8 |       |       ||     8
       Dagger            |     4 |   115 |   147 ||   266
       Kick              |     4 |    19 |    24 ||    47
       Peck              |     2 |    11 |    21 ||    34
Throw: Dart              |       |       |     4 ||     4
 Cast: Magic Dart        |    15 |    22 |    28 ||    65
       Searing Ray       |       |     9 |     9 ||    18
       Dazzling Flash    |       |       |     2 ||     2
 Abil: Fly               |       |       |     1 ||     1
Evoke: Wand              |       |       |     1 ||     1
  Use: Scroll            |     5 |     4 |     5 ||    14
       Potion            |     1 |     1 |     1 ||     3
 Stab: Sleeping          |     3 |     6 |     4 ||    13
       Invisible         |       |       |     1 ||     1
Armor: Robe              |     2 |    19 |    15 ||    36
Dodge: Dodged            |     4 |   107 |   156 ||   267

Table legend: (Time is in decaauts)
 A = Elapsed time spent in this place.
 B = Non-inter-level travel time spent in this place.
 C = Inter-level travel time spent in this place.
 D = Time resting spent in this place.
 E = Time spent auto-exploring this place.
 F = Levels seen in this place.
 G = Mean time per level.
                   A        B        C        D        E       F      G
               +--------+--------+--------+--------+--------+-----+--------+
         Total |   7307 |   6957 |    350 |    600 |   5347 |   8 |  913.4 |
       Dungeon |   7203 |   6853 |    350 |    518 |   5341 |   7 | 1029.0 |
        Bailey |    103 |    103 |      0 |     82 |      6 |   1 |  103.0 |
               +--------+--------+--------+--------+--------+-----+--------+

Top non-repeatable levels by time:
     D:2: 1681 daAuts
     D:4: 1260 daAuts
     D:5: 1236 daAuts
     D:3: 1045 daAuts
     D:1: 1012 daAuts
     D:6: 862 daAuts
     D:7: 104 daAuts
  Bailey: 103 daAuts
